 Dungeon Crawl Stone Soup version 0.18.1-48-g4cf74bf (webtiles) character file.

30 Heedrag the Sneak (level 3, -10/21 HPs)
             Began as a Kobold Assassin on Aug 5, 2016.
             Splashed by Ijyb's acid (11 damage)
             ... on level 2 of the Dungeon.
             The game lasted 00:02:16 (1161 turns).

Heedrag the Sneak (Kobold Assassin)                 Turns: 1161, Time: 00:02:16

Health: -10/21     AC:  1    Str:  9    XL:     3   Next: 37%
Magic:  3/3        EV: 14    Int: 10    God:
Gold:   83         SH:  0    Dex: 17    Spells: 0 memorised, 2 levels left

rFire  . . .     SeeInvis .     l - +4 dagger
rCold  . . .     Gourm    .     c - +0 robe
rNeg   . . .     Faith    .     (shield restricted)
rPois  .         Spirit   .     (no helmet)
rElec  .         Dismiss  .     d - +0 cloak
rCorr  .         Reflect  .     k - +1 pair of gloves
SustAt .         Harm     .     (no boots)
MR     .....                    (no amulet)
Stlth  +++++.....               q - ring of stealth
                                i - +2 ring of slaying

@: corroded, not resistant to hostile enchantments, quite stealthy
A: carnivore 3
a: no special abilities


You were on level 2 of the Dungeon.
You were completely stuffed.

You visited 1 branch of the dungeon, and saw 2 of its levels.

You collected 83 gold pieces.

Inventory:

Hand Weapons
 a - a +2 dagger
 b - a +0 blowgun
 l - a +4 dagger (weapon)
Missiles
 e - 8 poisoned needles
 f - 2 curare-tipped needles
Armour
 c - a +0 robe (worn)
 d - a +0 cloak (worn)
 k - a +1 pair of gloves (worn)
Jewellery
 i - a +2 ring of slaying (left hand)
 q - a ring of stealth (right hand)
Scrolls
 o - 2 scrolls of remove curse {unknown}
 r - a scroll of identify {unknown}
 s - a scroll of random uselessness {unknown}
Potions
 j - a potion of might {unknown}
 n - a potion of curing {unknown}
 p - a potion of invisibility {unknown}
Comestibles
 g - a meat ration
 h - a royal jelly
 m - a chunk of flesh


   Skills:
 - Level 2.1 Fighting
 - Level 2.6 Short Blades
 + Level 2.5 Throwing
 - Level 1.2 Dodging
 * Level 6.6 Stealth


You had 2 spell levels left.
You didn't know any spells.

Dungeon Overview and Level Annotations

Branches:
Dungeon (2/15)

Altars:

Annotations:
D:2 Ijyb


Innate Abilities, Weirdness & Mutations

You are small and have problems with some larger weapons.
You are carnivorous and can eat meat at any time.


Message History

Ijyb hits ye wit' a club.
Ye hit Ijyb.
Ijyb be heavily wounded.
Ijyb hits ye wit' a club.
Ye closely miss Ijyb.
Ijyb be moderately wounded.
Ijyb hits ye but does nay damage.
Ye miss Ijyb.
Ijyb be moderately wounded.
Ijyb hits ye but does nay damage.
Tha goblin closely misses ye.
Ye hit Ijyb.
Ijyb be heavily wounded.
Tha goblin hits ye but does nay damage.
Ijyb zaps a wand.
Tha bolt o' acid misses ye.
It be a wand o' acid.
Ijyb zaps a wand.
Tha bolt o' acid hits ye!
Ouch! Tha re'lly hurt!
* * * LOW HITPOINT WARNIN'
* * * Tha acid corrodes ye!
Tha acid burns!
Ouch! Tha re'lly hurt!
Ye die...

#.#. .......#.
................
#............#..
..###..
................
.......
#.#...##.#..... .
.......
#.#.#.##.#..####.#
#.....
#.#...gg..........
#.....
#.#.#.............
..... #.#...@........#
#..####.#.#.##.#..##.#
#..<......$....#.)#
#..#........##.#..#
#..#...........#..#
#..#.##.#.#.#..#..#
.............$.....
....#.##...#....#..#
###.##.#......!......


You could see Ijyb and a goblin.

Vanquished Creatures
  2 giant geckos (D:1)
  A ball python (D:1)
  5 giant cockroaches (D:1)
  6 goblins (D:1)
  4 hobgoblins (D:1)
  2 giant newts (D:1)
  4 kobolds
  A rat (D:1)
25 creatures vanquished.

Notes
Turn   | Place    | Note
--------------------------------------------------------------
     0 | D:1      | Heedrag the Kobold Assassin began the quest for the Orb.
     0 | D:1      | Reached XP level 1. HP: 12/12 MP: 1/1
   326 | D:1      | Reached XP level 2. HP: 17/17 MP: 2/2
   333 | D:1      | Reached skill level 6 in Stealth
   664 | D:1      | Reached XP level 3. HP: 21/21 MP: 3/3
  1147 | D:2      | Noticed Ijyb
  1161 | D:2      | HP: 1/21 [Ijyb/wand of acid (15)]
  1161 | D:2      | Splashed by Ijyb's acid

Skill      XL: |  1  2 |
---------------+-------+-----
Stealth        | 6 |  6.6
Fighting       | |  2.1
Short Blades   | |  2.6
Throwing       | |  2.5
Dodging        | |  1.2

Action                   || total
-------------------------++-------
Melee: Dagger            ||    79
 Stab: Sleeping          ||     4
  Eat: Chunk             ||     9
Armor: Robe              ||    11
Dodge: Dodged            ||    45
